cohdb
Replays
Latest Replays
All Replays
Popular Replays
Top Player Replays
Match Explorer
How It Works
Community
CoH3 Stats
Reddit
Sign in to upload your games and track your stats! →
Sign in with Steam
Match 47464893
Unlisted
Match 47464893
Overview
Messages
Build Orders
End
Construct Section Command Post
Selects Air and Sea Battlegroup
Infantry Section
Royal Engineer Section
Vickers Machine Gun Team
ML 3-inch Mortar Team
Construct Field Infirmary
Construct Platoon Command Post
Selects Commando Section Paradrop
Commando Section Paradrop
Unlock M3 Stuart Light Tanks
M3 Stuart Light Tank
Selects M1 Pack Howitzer Paradrop
M1 Pack Howitzer Paradrop
Unlock Bishop Self-propelled Artillery
Bishop Self-propelled Artillery
6-pounder Anti-tank Gun Team
AI Takeover
MuspellheimR
Mystery
GEMAGLABANGA
Boneless
drinu019
ValiantHawk
0
0
Comments
sign in to comment!
No comments posted yet!